 Dungeon Crawl Stone Soup version 0.23.0-2-g0fe3ce5 (webtiles) character file.

Game seed: 14846153686663952103

373 Torikoriko the Grave Robber (level 6, -4/46 HPs)
             Began as a Mummy Necromancer on Feb 19, 2019.
             Was an Initiate of Sif Muna.
             Slain by an orc warrior
             ... wielding a cursed +0 flail
              (15 damage)
             ... on level 5 of the Dungeon.
             The game lasted 00:28:05 (5653 turns).

Torikoriko the Grave Robber (Mummy Necromancer)     Turns: 5653, Time: 00:28:05

Health: -4/46      AC:  4    Str: 12    XL:     6   Next: 43%
Magic:  13/13      EV: 12    Int: 16    God:    Sif Muna [......]
Gold:   201        SH:  0    Dex: 12    Spells: 5/14 levels left

rFire    x . .     SeeInvis .   b - +0 hunting sling
rCold    + . .     Gourm    .   (no shield)
rNeg     + + +     Faith    .   f - +0 robe
rPois    ∞         Spirit   .   (no helmet)
rElec    .         Reflect  .   j - +0 cloak
rCorr    .         Harm     .   (no gloves)
MR       .....                  l - +0 pair of boots
Stlth    ++........             (no amulet)
HPRegen  0.15/turn              (no ring)
MPRegen  0.13/turn              (no ring)

@: about to teleport
A: no food or potions, fire vulnerability, cold resistance 1, negative energy
resistance 3, torment resistance, unbreathing
a: Renounce Religion


You were on level 5 of the Dungeon.
You worshipped Sif Muna.
Sif Muna was noncommittal.
You were not hungry.

You visited 1 branch of the dungeon, and saw 6 of its levels.

You collected 201 gold pieces.

Inventory:

Hand Weapons
 a - a +0 short sword of speed
 b - a +0 hunting sling (weapon)
 m - a +0 quarterstaff
Missiles
 h - 142 stones (quivered)
Armour
 f - a +0 robe (worn)
 j - a +0 cloak (worn)
 l - a +0 pair of boots (worn)
Wands
 i - a wand of flame (17)
Scrolls
 c - a scroll of enchant armour
 d - 4 scrolls of amnesia
 g - a scroll of noise {unknown}
 k - a scroll of blinking
 r - 8 scrolls of identify


   Skills:
 + Level 2.6 Fighting
 - Level 1.7 Dodging
 - Level 1.8 Stealth
 + Level 4.8 Spellcasting
 + Level 6.2 Necromancy


You had 5 spell levels left.
You knew the following spells:

 Your Spells              Type           Power        Failure   Level  Hunger
a - Pain                  Necr           ###.         1%          1    N/A
b - Animate Skeleton      Necr           N/A          1%          1    N/A
c - Vampiric Draining     Necr           ###.......   3%          3    N/A
d - Animate Dead          Necr           N/A          12%         4    N/A

Your spell library contained the following spells:

 Spells                   Type           Power        Failure   Level  Hunger
 Freeze                   Ice            #...         16%         1    N/A
 Throw Frost              Conj/Ice       #.....       24%         2    N/A
 Ozocubu's Armour         Chrm/Ice       #.......     43%         3    N/A
 Summon Ice Beast         Ice/Summ       #.......     83%         4    N/A
 Throw Icicle             Conj/Ice       #.......     83%         4    N/A
 Regeneration             Chrm/Necr      Unusable     N/A         3    N/A

Dungeon Overview and Level Annotations

Branches:
Dungeon (6/15)
 Temple: D:4-7

Altars:
Ashenzari
Gozag
Nemelex Xobeh
Okawaru
Ru
Sif Muna
Trog
The Shining One

Annotations:
D:4 exclusion: downstairs
D:5 exclusion: downstairs


Innate Abilities, Weirdness & Mutations

You do not eat or drink.
Your flesh is vulnerable to fire.
You are immune to poison.
Your flesh is cold resistant. (rC+)
You are immune to negative energy. (rN+++)
You are immune to unholy pain and torment.
You can survive without breathing.


Message History

An orc comes into view.
The centaur unwields a +0 shortbow.
The centaur hits you.
An orc comes into view. It is wielding a +0 short sword.
The orc shouts!
The orc warrior shouts!
The orc shouts!
The centaur barely misses you. The centaur closely misses you.
The centaur hits you! The centaur hits you.
The orc drinks a potion.
The orc flickers and vanishes!
Deactivating autopickup; reactivate with Ctrl-A.
The centaur zaps a wand.
The puff of flame hits you! The fire burns you terribly!
* * * LOW HITPOINT WARNING * * *
You see here a ration.
Found a ration.
Found a ration.
You see here a ration.
You see here a ration.
As you read the scroll of teleportation, it crumbles to dust.
You feel strangely unstable.
The orc warrior hits you with a cursed +0 flail!
You die...

## ########### #.# #.........#
#.# #.........## ## #.########
#..##.#....# #.# ##.co..o.#
###..#...# ... #.###%######.#
#........#.... #...##
#o###.#.#.....###.
######c########@##..#⌠.##'##.⌠#.
...............%.....#.........#.
######.#########..#####.......###
#. #..#...#.......#.. #.
##..'...'..._...'[. #.
#.......#.......#.. #.
#.#.##.#........##. #.
#.#....#.........#. ##
#.###..#⌠.##'##.⌠#.


You could see an orc warrior and an orc.

Vanquished Creatures
  Blork the orc (D:6)
  A bullfrog (D:6)
  A scorpion (D:5)
  Jessica (D:3)
  2 gnolls (D:5)
  An adder (D:4)
  A shadow imp (D:5)
  2 oozes
  An adder skeleton (D:5)
  A worm (D:4)
  2 dart slugs (D:1)
  3 leopard geckos
  6 orcs
  3 bats
  2 giant cockroaches (D:1)
  6 goblins
  4 hobgoblins
  2 quokkas
  A ball python (D:1)
  2 frilled lizards (D:1)
  6 kobolds
  9 rats
58 creatures vanquished.

Vanquished Creatures (collateral kills)
  A hound (D:6)
  An orc wizard (D:5)
  An iguana (D:3)
  A giant cockroach (D:1)
  A hobgoblin (D:1)
  A kobold (D:2)
  2 bats (D:2)
8 creatures vanquished.

Grand Total: 66 creatures vanquished

Notes
Turn   | Place    | Note
-------+----------+-------------------------------------------
     0 | D:1      | Torikoriko the Mummy Necromancer began the quest for the
                  | Orb.
     0 | D:1      | Reached XP level 1. HP: 13/13 MP: 4/4
     2 | D:1      | Learned a level 1 spell: Animate Skeleton
   279 | D:1      | Reached XP level 2. HP: 19/19 MP: 0/5
  1277 | D:2      | Found a deep blue altar of Sif Muna.
  1283 | D:2      | Became a worshipper of Sif Muna the Loreminder
  1336 | D:2      | Reached XP level 3. HP: 23/24 MP: 3/7
  1403 | D:2      | Learned a level 3 spell: Vampiric Draining
  1579 | D:2      | You fall through a shaft for 2 floors!
  2415 | D:3      | You fall through a shaft for 2 floors!
  2415 | D:5      | Entered Level 5 of the Dungeon
  2415 | D:5      | Found a shattered altar of Ashenzari.
  2698 | D:3      | Reached skill level 1 in Fighting
  2698 | D:3      | Reached skill level 5 in Necromancy
  2698 | D:3      | Reached XP level 4. HP: 32/32 MP: 4/9
  2791 | D:3      | Noticed Jessica
  2802 | D:3      | Killed Jessica
  3845 | D:4      | Found a sacrificial altar of Ru.
  3845 | D:4      | Found a glowing golden altar of the Shining One.
  3845 | D:4      | Found an iron altar of Okawaru.
  3845 | D:4      | Found an opulent altar of Gozag.
  3852 | D:4      | Found a sparkling altar of Nemelex Xobeh.
  3858 | D:4      | Found a bloodstained altar of Trog.
  3945 | D:5      | Found a deep blue altar of Sif Muna.
  3956 | D:5      | Noticed an ogre
  3994 | D:5      | Reached XP level 5. HP: 30/38 MP: 2/11
  4000 | D:5      | Learned a level 4 spell: Animate Dead
  4305 | D:5      | Noticed a centaur
  4457 | D:5      | Noticed a centaur
  4608 | D:6      | Reached XP level 6. HP: 29/44 MP: 1/12
  4967 | D:6      | Noticed Blork the orc
  5009 | D:6      | Killed Blork the orc
  5009 | D:6      | Reached skill level 6 in Necromancy
  5271 | D:6      | Noticed an orc warrior
  5623 | D:5      | Noticed an orc warrior
  5653 | D:5      | Slain by an orc warrior

Skill      XL: |  1  2  3  4  5  6 |
---------------+-------------------+-----
Spellcasting   | 3 4 |  4.8
Fighting       | 1 2 |  2.6
Necromancy     | 5 6 |  6.2
Dodging        | |  1.7
Stealth        | |  1.8

Action                   |  1- 3 |  4- 6 || total
-------------------------+-------+-------++-------
Melee: Short sword       |    17 |     7 ||    24
 Fire: Hunting sling     |    29 |    61 ||    90
 Cast: Pain              |    63 |    48 ||   111
       Animate Skeleton  |    20 |     2 ||    22
       Vampiric Draining |       |     5 ||     5
       Animate Dead      |       |     6 ||     6
Evoke: Wand              |       |     2 ||     2
  Use: Scroll            |       |     7 ||     7
 Stab: Sleeping          |     1 |       ||     1
Armor: Robe              |    12 |     7 ||    19
Dodge: Dodged            |    33 |    52 ||    85
